 Dungeon Crawl Stone Soup version 0.19-a0-1889-g9c603be (webtiles) character file.

120 vev the Cudgeler (level 5, -1/32 HPs)
             Began as a Tengu Abyssal Knight on Oct 17, 2016.
             Was a Believer of Lugonu.
             Killed by a spatial distortion (2 damage)
             ... on level 5 of the Dungeon.
             The game lasted 00:13:08 (2013 turns).

vev the Cudgeler (Tengu Abyssal Knight)             Turns: 2013, Time: 00:13:09

Health: -1/32      AC:  4    Str: 12    XL:     5   Next: 4%
Magic:  5/7        EV: 12    Int: 13    God:    Lugonu [**....]
Gold:   201        SH:  0    Dex: 14    Spells: 0 memorised, 4 levels left

rFire  . . .     SeeInvis .     d - +0 mace
rCold  . . .     Gourm    .     a - +1 leather armour
rNeg   . . .     Faith    +     (no shield)
rPois  .         Spirit   .     (helmet restricted)
rElec  .         Reflect  .     (no cloak)
rCorr  .         Harm     .     (no gloves)
MR     .....                    (boots unavailable)
Stlth  +.........               j - amulet of faith
                                (no ring)
                                o - ring of wizardry

@: no status effects
A: beak, talons 3, able to fly 1
a: Fly, Depart the Abyss, Bend Space, Renounce Religion


You were on level 5 of the Dungeon.
You worshipped Lugonu.
Lugonu was pleased with you.
You were hungry.

You visited 1 branch of the dungeon, and saw 5 of its levels.
You visited the Abyss 1 time.

You collected 201 gold pieces.

Inventory:

Hand Weapons
 d - a +0 mace (weapon)
 f - a +1 great mace
Armour
 a - a +1 leather armour (worn)
 g - a +0 ring mail
Jewellery
 j - an amulet of faith (around neck)
 o - a ring of wizardry (left hand)
Wands
 q - a wand of digging (9/24)
Scrolls
 c - a scroll of remove curse
Potions
 n - a potion of cancellation
Comestibles
 b - 5 bread rations
 k - 3 meat rations
 m - a beef jerky


   Skills:
 + Level 3.3 Fighting
 * Level 4.1 Maces & Flails
 - Level 2.1 Armour
 + Level 1.5 Dodging
 + Level 1.0 Stealth
 - Level 2.1 Unarmed Combat
 - Level 1.5 Invocations


You had 4 spell levels left.
You didn't know any spells.

Dungeon Overview and Level Annotations

Branches:
Dungeon (5/15)
 Temple: D:4-7

Altars:
Ru


Innate Abilities, Weirdness & Mutations

You have a beak for a mouth.
You have claws for feet.
You can fly.


Message History

Found a viscous ruby potion and a scroll of fear.
You catch the helpless orc wizard completely off-guard!
You hit the orc wizard.
The orc wizard is lightly wounded.
The orc wizard hits you with a dagger.
* * * LOW HITPOINT WARNING * * *
The adder skeleton closely misses you. The orc wizard hits you with a dagger.
* * * LOW HITPOINT WARNING * * *
Space bends around you!
You blink.
* * * LOW HITPOINT WARNING * * *
A quokka comes into view.
The quokka moves out of view.
Okay, then.
Okay, then.
Evoke which item? (* to show all) (? for menu, Esc to quit)
Okay, then.
Space bends around you!
You blink.
You die...

#.........# #.
#..o......# #####.#
##..ยง......#
.......##...!.#######
#..............
.....>....?.....
................#
.....h..........#
.....>.@........#
................#
......r..h.....
#..............
##.....##h....#
###### ######


You could see an orc wizard, a quokka (wandering) and 3 jackals.

Vanquished Creatures
  Natasha (D:2)
  Ijyb (D:3)
  2 adders (D:2)
  2 dart slugs
  2 leopard geckos
  2 orcs
  A ball python (D:1)
  2 giant cockroaches
  10 goblins
  3 hobgoblins
  8 kobolds
  3 bats
  A frilled lizard (D:3)
  6 rats
44 creatures vanquished.

Notes
Turn   | Place    | Note
-------+----------+-------------------------------------------
     0 | Abyss:1  | vev the Tengu Abyssal Knight began the quest for the Orb.
     0 | Abyss:1  | Reached XP level 1. HP: 14/14 MP: 3/3
    83 | Abyss:1  | Found a corrupted altar of Lugonu.
   174 | Abyss:3  | Noticed a raiju
   175 | D:1      | Escaped the Abyss
   276 | D:2      | Reached * piety under Lugonu
   286 | D:2      | Reached skill level 1 in Maces & Flails
   321 | D:1      | Reached XP level 2. HP: 9/19 MP: 4/4
   385 | D:1      | Reached skill level 2 in Maces & Flails
   610 | D:2      | Noticed Natasha
   624 | D:2      | Noticed a crimson imp
   627 | D:2      | Killed Natasha
   627 | D:2      | Reached skill level 3 in Maces & Flails
   627 | D:2      | Reached XP level 3. HP: 11/23 MP: 5/5
   904 | D:2      | Reached XP level 4. HP: 8/28 MP: 6/6
   924 | D:2      | HP: 2/28 [poisoned by an adder]
   988 | D:2      | Noticed a moth of wrath
  1334 | D:3      | Reached ** piety under Lugonu
  1497 | D:3      | Noticed Ijyb
  1516 | D:3      | Killed Ijyb
  1516 | D:3      | Reached skill level 4 in Maces & Flails
  1516 | D:3      | Reached skill level 1 in Stealth
  1772 | D:4      | HP: 1/28 [hound (3)]
  1783 | D:4      | Found a sacrificial altar of Ru.
  1810 | D:3      | Gained mutation: You can fly. [Tengu growth]
  1810 | D:3      | Reached XP level 5. HP: 15/32 MP: 7/7
  1981 | D:4      | Noticed an ogre
  2004 | D:5      | Entered Level 5 of the Dungeon
  2012 | D:5      | HP: 1/32 [spatial distortion (4)]
  2013 | D:5      | Killed by a spatial distortion

Vault maps used:
D:1:      matt_arrival_refuge, hex_medium
D:2:      kb_forest_paths, tgw_trog, uniq_natasha
D:3:      overflow_temple_1_default, first_bread, uniq_iyjb, uniq_grinder,
          uniq_robin
D:4:      minitemple, minivault_14, uniq_blork_the_orc, uniq_duvessa,
          uniq_sigmund
D:5:      serial_shops, shop, shop_coins
Abyss:3:  doesnt_abyss_rune_brain_food

Skill      XL: |  1  2  3  4 |
---------------+-------------+-----
Maces & Flails | 1 3 4 |  4.1
Stealth        | 1 |  1.0
Fighting       | |  3.3
Armour         | |  2.1
Dodging        | |  1.5
Unarmed Combat | |  2.1
Invocations    | |  1.5

Action                   |  1- 3 |  4- 6 || total
-------------------------+-------+-------++-------
Melee: Mace              |    69 |    70 ||   139
       Kick              |    12 |    17 ||    29
       Peck              |     7 |     8 ||    15
       Punch             |     1 |     1 ||     2
Invok: Depart the Abyss  |     1 |       ||     1
       Bend Space        |       |     2 ||     2
  Use: Potion            |     3 |     2 ||     5
       Scroll            |     1 |     7 ||     8
 Stab: Sleeping          |     1 |     1 ||     2
       Distracted        |       |     1 ||     1
  Eat: Chunk             |       |     3 ||     3
Armor: Leather armour    |    10 |    13 ||    23
Dodge: Dodged            |    39 |    44 ||    83
